 Dungeon Crawl Stone Soup version 0.17.0-56-gd8de76c (console) character file.

86 Kloppie the Chiller (level 4, -4/33 HPs)
             Began as a Draconian Ice Elementalist on Dec 5, 2015.
             Was an Initiate of Vehumet.
             Engulfed by a cloud of flame (18 damage)
             ... on level 2 of the Dungeon.
             The game lasted 00:04:11 (1475 turns).

Kloppie the Chiller (Draconian Ice Elementalist)    Turns: 1475, Time: 00:04:12

Health: -4/33      AC:  6    Str: 10    XL:     4   Next: 27%
Magic:  9/9        EV: 12    Int: 17    God:    Vehumet [......]
Gold:   65         SH:  0    Dex: 11    Spells: 3 memorised, 3 levels left

rFire  . . .     SeeInvis .     c - +1 spear (pierce)
rCold  . . .     Clarity  .     (armour unavailable)
rNeg   . . .     SustAt   .     (no shield)
rPois  .         Gourm    .     (helmet restricted)
rElec  .         Spirit   .     (no cloak)
rCorr  .         Warding  .     (no gloves)
rMut   .         Stasis   .     m - +0 pair of boots
MR     .....                    (no amulet)
Stlth  ++........               (no ring)
                                (no ring)

@: not resistant to hostile enchantments, unstealthy
A: unfitting armour, cold-blooded, AC +5
a: Renounce Religion


You were on level 2 of the Dungeon.
You worshipped Vehumet.
Vehumet was noncommittal.
You were not hungry.

You visited 1 branch of the dungeon, and saw 2 of its levels.

You collected 65 gold pieces.

Inventory:

Hand Weapons
 c - a +1 spear of piercing (weapon)
Armour
 m - a +0 pair of boots (worn)
Jewellery
 n - a cursed -3 ring of dexterity {unknown}
Scrolls
 e - a scroll of remove curse {unknown}
 g - a scroll of identify {unknown}
 i - a scroll of noise {unknown}
 k - a scroll of teleportation {unknown}
Potions
 d - a potion of degeneration {unknown}
 f - a potion of heal wounds {unknown}
 j - 3 potions of curing {unknown}
 l - a potion of haste {unknown}
 p - a potion of magic {unknown}
Books
 a - a book of Frost

   Spells                             Type                      Level
   a - Freeze                         Ice                          1
   b - Throw Frost                    Conjuration/Ice              2
   c - Ozocubu's Armour               Charms/Ice                   3
   d - Throw Icicle                   Conjuration/Ice              4
   e - Summon Ice Beast               Ice/Summoning                4
   f - Condensation Shield            Ice                          4
Comestibles
 b - 3 bread rations
 h - a slice of pizza
 o - a chunk of flesh
 q - 4 fruits


   Skills:
 - Level 1.7 Dodging
 - Level 1.7 Stealth
 + Level 3.3 Spellcasting
 - Level 1.0 Conjurations
 + Level 4.1 Ice Magic


You had 3 spell levels left.
You knew the following spells:

 Your Spells              Type           Power        Failure   Level  Hunger
a - Freeze                Ice            ###.         3%          1    None
b - Ozocubu's Armour      Chrm/Ice       #.......     24%         3    ###....
c - Throw Frost           Conj/Ice       ##....       12%         2    ##.....


Dungeon Overview and Level Annotations

Branches:
Dungeon (2/15)

Altars:
Vehumet


Innate Abilities, Weirdness & Mutations

Your plain brown scales are hard (AC +5).
Your body does not fit into most forms of armour.
You are cold-blooded and may be slowed by cold attacks.


Message History

You freeze the goblin.
You kill the goblin!
You see here a goblin corpse.
Found a leather armour.
Found a rat skeleton.
A hobgoblin comes into view.
Found an adder corpse and a scroll labeled DOIDU QEGGOLUOTHRU.
Found a radiant altar of Vehumet.
Really walk into a travel-excluded area? [Y]es or [N]o only, please.
Really walk into a travel-excluded area?
You are engulfed in roaring flames.
Ouch! That really hurt!
* * * LOW HITPOINT WARNING * * *
There is a radiant altar of Vehumet here.
You kneel at the altar of Vehumet.
Vehumet welcomes you!
You are engulfed in roaring flames.
Ouch! That really hurt!
You die...

......†..#
.##.##...########
###.###.##......#
.##.# #.........#
.##.#
####.####.###
.##.# #.##§.§†.#
....# #.##.§...#
.#### #.##.§_..#
.# #[...§§@§# .#
............÷.#
..
g...##.#...#.##
... #.#..##.# .
#....##.#
#.#.###.# #.#.#
#.# .?... ..#


There were no monsters in sight!

Vanquished Creatures
  3 gnolls (D:2)
  An adder (D:2)
  An ooze (D:1)
  2 giant geckos (D:1)
  12 bats
  2 giant cockroaches (D:1)
  4 hobgoblins (D:1)
  4 jackals (D:1)
  2 giant newts (D:1)
  3 goblins
  5 kobolds (D:1)
  5 rats
44 creatures vanquished.

Vanquished Creatures (others)
  An adder (D:2)
  A rat (D:2)
2 creatures vanquished.

Grand Total: 46 creatures vanquished

Notes
Turn   | Place    | Note
--------------------------------------------------------------
     0 | D:1      | Kloppie the Draconian Ice Elementalist began the quest for the Orb.
     0 | D:1      | Reached XP level 1. HP: 14/14 MP: 3/3
    66 | D:1      | Reached XP level 2. HP: 14/20 MP: 5/5
   597 | D:1      | Reached XP level 3. HP: 26/26 MP: 7/7
   602 | D:1      | Learned a level 3 spell: Ozocubu's Armour
   605 | D:1      | Learned a level 2 spell: Throw Frost
  1317 | D:2      | Reached skill level 4 in Ice Magic
  1320 | D:2      | Reached XP level 4. HP: 25/33 MP: 1/8
  1463 | D:2      | Found a radiant altar of Vehumet.
  1474 | D:2      | Became a worshipper of Vehumet
  1475 | D:2      | Engulfed by a cloud of flame

Action                   |  1- 3 |  4- 6 || total
-------------------------+-------+-------++-------
Melee: Spear             |   123 |     2 ||   125
 Cast: Freeze            |    14 |     6 ||    20
       Ozocubu's Armour  |     1 |       ||     1
 Stab: Sleeping          |     5 |       ||     5
       Distracted        |     1 |       ||     1
  Eat: Chunk             |     1 |     1 ||     2
